 Dungeon Crawl Stone Soup version bcrawl-1.19.1 (webtiles) character file.

Game seed: 4979995214932161708

60 mahrnol the Caller (level 4, 0/24 HPs)
             Began as an Avariel Summoner on Dec 10, 2019.
             Succumbed to a kobold's poison
             ... on level 2 of the Dungeon.
             The game lasted 00:15:21 (3514 turns).

mahrnol the Caller (Avariel Summoner)               Turns: 3514, Time: 00:15:21

Health: 0/24       AC:  2    Str:  3 (6)  XL:     4   Next: 4%
Magic:  8/11       EV: 14    Int: 20 (22) God:
Gold:   158        SH:  0    Dex: 10 (13) Spells: 4/10 levels left

rFire    + . .     SeeInvis .   h - +0 dagger
rCold    + . .     Gourm    .   (no shield)
rNeg     . . .     Faith    .   a - +0 robe
rPois    +         Spirit   .   (no helmet)
rElec    +         Reflect  .   (no cloak)
rCorr    +         Harm     .   (no gloves)
MR       .....                  (no boots)
Stlth    ++........             (no amulet)
HPRegen  0.08/turn              (no ring)
MPRegen  0.12/turn              (no ring)

@: lethally poisoned (0 -> -11), swift, resistant, flying quickly and evasively,
very quick
A: no striking features
a: no special abilities


You were on level 2 of the Dungeon.
You were not hungry.

You visited 1 branch of the dungeon, and saw 3 of its levels.

You collected 158 gold pieces.

Inventory:

Hand Weapons
 h - a +0 dagger (weapon)
Missiles
 i - 56 bolts
 r - 103 poisoned needles
 t - 324 sling bullets
 v - 313 arrows
Armour
 a - a +0 robe (worn)
Scrolls
 c - a scroll of summoning
 f - a scroll of enchant armour {unknown}
 g - a scroll of noise {unknown}
 k - a scroll of teleportation {unknown}
 l - 4 scrolls of identify {unknown}
 n - a scroll of remove curse {unknown}
 o - a scroll of enchant weapon {unknown}
 p - 2 scrolls of magic mapping {unknown}
 s - 3 scrolls of immolation {unknown}
Potions
 b - a potion of flight
 m - a potion of haste {unknown}
 q - a potion of mutation {unknown}
 u - a potion of lignification {unknown}
 w - a potion of curing {unknown}
Comestibles
 d - 4 rations {!d}


   Skills:
 + Level 0.6 Short Blades
 + Level 2.4 Dodging
 + Level 2.5 Stealth
 + Level 3.5 Spellcasting
 * Level 5.8 Summonings


You had 4 spell levels left.
You knew the following spells:

 Your Spells              Type           Power        Failure   Level  Hunger
a - Summon Small Mammal   Summ           ####         1%          1    None
b - Call Imp              Summ           ####..       1%          2    ##.....
c - Call Canine Familiar  Summ           ####....     3%          3    ###....

Your spell library contained the following spells:

 Spells                   Type           Power        Failure   Level  Hunger
 Summon Ice Beast         Ice/Summ       ###.....     38%         4    ####...
 Summon Lightning Spire   Summ/Air       ###.....     75%         5    ######.


Dungeon Overview and Level Annotations

Branches:
Dungeon (3/12)

Altars:
Qazlal


Message History

It was a potion of flight.
You feel very buoyant.
You swoop lightly up into the air.
* * * LOW HITPOINT WARNING * * *
You feel sick.
Your bat completely misses the jackal.
The jackal barely misses your bat.
It was a potion of degeneration.
There was something very wrong with that liquid.
You feel weakened.
You feel dopey.
You feel clumsy.
* * * LOW HITPOINT WARNING * * *
You feel sick. The jackal completely misses your bat.
Your bat hits the jackal but does no damage.
The jackal misses your bat.
You eat one of the 5 rations {!d}.
That ration really hit the spot!
* * * LOW HITPOINT WARNING * * *
You feel sick.
Your bat barely misses the jackal.
The jackal closely misses your bat.
It was a potion of resistance.
You feel protected.
You die...

#.##....# #.#####..
#.#####.# #.......#
#######.. ############ #.#
#..........# ### #.#
#.###.#.##.### ##.## #..
#.# #...hbr@.# ##...#####
#.###.#.##.#.# ##.....##
#..........#.#####.......##
###.########..............#
####.#### #######...#...##
#.......# ##.###.##
#.##.##.# ###########รท#.##
#.##.##.# #.....).# ##.##
#.##.##.# #.......# #.#
####


You could see a jackal, a friendly quokka and a friendly bat.

Vanquished Creatures
  An ooze (D:2)
  4 dart slugs
  A leopard gecko (D:1)
  2 giant cockroaches (D:1)
  2 goblins
  A hobgoblin (D:1)
  3 jackals
  A quokka (D:1)
  2 bats (D:2)
  A frilled lizard (D:1)
  2 kobolds (D:1)
  5 rats
25 creatures vanquished.

Vanquished Creatures (collateral kills)
  An adder (D:3)
  2 goblins (D:2)
  7 hobgoblins
  9 jackals
  6 kobolds
  A quokka (D:2)
  2 bats (D:2)
  A frilled lizard (D:2)
  2 rats
31 creatures vanquished.

Vanquished Creatures (others)
  2 plants (D:1)
2 creatures vanquished.

Grand Total: 58 creatures vanquished

Notes
Turn   | Place    | Note
-------+----------+-------------------------------------------
     0 | D:1      | mahrnol the Avariel Summoner began the quest for the Orb.
     0 | D:1      | Reached XP level 1. HP: 10/10 MP: 6/6
    94 | D:1      | Reached skill level 5 in Summonings
   285 | D:1      | Reached XP level 2. HP: 9/15 MP: 4/7
   374 | D:1      | Learned a level 2 spell: Call Imp
  1198 | D:2      | Reached XP level 3. HP: 19/19 MP: 9/9
  1206 | D:2      | Learned a level 3 spell: Call Canine Familiar
  3339 | D:3      | Reached XP level 4. HP: 13/24 MP: 7/11
  3487 | D:3      | Found a stormy altar of Qazlal.
  3513 | D:2      | HP: 1/24 [poisoned by a kobold]
  3514 | D:2      | Succumbed to a kobold's poison

Skill      XL: |  1  2 |
---------------+-------+-----
Summonings     | 5 |  5.8
Spellcasting   | 3 |  3.5
Short Blades   | |  0.6
Dodging        | |  2.4
Stealth        | |  2.5

Action                   |  1- 3 |  4- 6 || total
-------------------------+-------+-------++-------
Melee: Unarmed           |    13 |       ||    13
       Dagger            |   177 |     2 ||   179
 Cast: Summon Small Mamm |    60 |     4 ||    64
       Call Imp          |     2 |       ||     2
  Use: Potion            |       |     3 ||     3
 Stab: Sleeping          |     5 |       ||     5
  Eat: Chunk             |     7 |       ||     7
       Ration            |       |     1 ||     1
Armor: Robe              |    41 |     2 ||    43
Dodge: Dodged            |   158 |     5 ||   163
